 Dungeon Crawl Stone Soup version 0.32-a0-872-g59262bdc9b (webtiles) character file.

Game seed: 373794381157445915

12735 Biggs the Fighter (level 11, 0/96 HPs)
             Began as a Coglin Hunter on Mar 30, 2024.
             Was a High Priest of Okawaru.
             Slain by a basilisk (3 damage)
             ... while petrified by a basilisk
             ... on level 1 of the Lair of Beasts.
             The game lasted 00:19:33 (9725 turns).

Biggs the Fighter (Coglin Hunter)                   Turns: 9725, Time: 00:19:33

Health: 0/96       AC:  8    Str: 12    XL:     11   Next: 98%
Magic:  11/11      EV:  2    Int:  9    God:    Okawaru [*****.]
Gold:   643        SH:  0    Dex: 21    Spells: 10/10 levels left

rFire   . . .        l - +2 sling (freeze) {Astrid}
rCold   . . .        a - +2 sling {Hong}
rNeg    + + +        n - +3 leather armour
rPois   ∞            (no helmet)
rElec   .            m - +0 cloak
rCorr   .            (no gloves)
SInv    .            x - +0 pair of boots
Will    .....        (amulet unavailable)
Stlth   ++           (ring unavailable)
HPRegen 0.36/turn    (ring unavailable)
MPRegen 0.12/turn    (no gizmo)

%: no passive effects
@: petrified
A: off-hand wielding, slow wielding, warmup strikes, no jewellery
a: Invent Gizmo, Renounce Religion, Heroism, Finesse, Duel


You were on level 1 of the Lair of Beasts.
You worshipped Okawaru.
Okawaru was extremely pleased with you.
You visited 3 branches of the dungeon, and saw 12 of its levels.

You collected 673 gold pieces.
You spent 30 gold pieces at shops.

Inventory:

Hand Weapons
 a - a +2 sling (offhand) {Hong}
 d - a +0 sling {Octavia}
 l - a +2 sling of freezing (weapon) {Astrid}
Armour
 m - a +0 cloak (worn)
 n - a +3 leather armour (worn)
 x - a +0 pair of boots (worn)
Wands
 k - a wand of digging (5)
 u - a wand of flame (10)
 z - a wand of roots (10)
 D - a wand of paralysis (4)
Scrolls
 b - a scroll of butterflies
 c - 2 scrolls of blinking
 i - 3 scrolls of teleportation
 j - 4 scrolls of identify
 o - 2 scrolls of immolation
 r - a scroll of summoning
 w - 3 scrolls of noise
 y - a scroll of enchant armour
 A - 3 scrolls of vulnerability
 B - 2 scrolls of revelation
 C - a scroll of fear
Potions
 e - 4 potions of curing
 f - 3 potions of enlightenment
 g - 3 potions of invisibility
 h - a potion of berserk rage {unknown}
 p - 2 potions of heal wounds {unknown}
 q - 2 potions of mutation {unknown}
 s - a potion of degeneration {unknown}
 t - 3 potions of lignification {unknown}
 v - 3 potions of resistance {unknown}
 E - a potion of ambrosia {unknown}
 F - a potion of attraction {unknown}


   Skills:
 - Level 12.7 Fighting
 + Level 11.6 Ranged Weapons
 - Level 7.1 Dodging
 - Level 0.7 Stealth


You had 10 spell levels left.
You didn't know any spells.
Your spell library contained the following spells:

 Spells                   Type           Power      Damage    Failure   Level
 Apportation              Tloc           0%         N/A       45%         1
 Magic Dart               Conj           0%         1d3       45%         1
 Necrotise                Necr           0%         1d4       45%         1
 Shock                    Conj/Air       0%         1d3       45%         1
 Sting                    Conj/Alch      0%         1d3       45%         1
 Blink                    Tloc           0%         N/A       61%         2
 Ensorcelled Hibernation  Hex/Ice        0%         N/A       61%         2
 Lesser Beckoning         Tloc           0%         N/A       61%         2
 Mercury Vapours          Alch/Air       0%         N/A       61%         2
 Searing Ray              Conj           0%         2d4       61%         2
 Sublimation of Blood     Necr           0%         N/A       61%         2
 Fugue of the Fallen      Necr           0%         N/A       83%         3
 Mephitic Cloud           Conj/Alch/Air  0%         N/A       83%         3
 Swiftness                Air            0%         N/A       83%         3
 Vampiric Draining        Necr           0%         2d6       83%         3
 Airstrike                Air            0%         2d(0-16)  99%         4
 Anguish                  Hex/Necr       0%         N/A       99%         4
 Brom's Barrelling Bould  Conj/Erth      0%         2d3       99%         4
 Dimensional Bullseye     Hex/Tloc       0%         N/A       99%         4
 Fulminant Prism          Conj/Alch      0%         3d5       99%         4
 Passage of Golubria      Tloc           0%         N/A       99%         4
 Petrify                  Alch/Erth      0%         N/A       99%         4
 Curse of Agony           Necr           0%         N/A       100%        5
 Freezing Cloud           Conj/Ice/Air   0%         6-21      100%        5
 Irradiate                Conj/Alch      0%         3d11      100%        5
 Summon Small Mammal      Summ           Unusable   N/A       N/A         1
 Call Imp                 Summ           Unusable   N/A       N/A         2
 Martyr's Knell           Necr/Summ      Unusable   N/A       N/A         4

Dungeon Overview and Level Annotations

Branches:
Dungeon (10/15)            Temple (1/1) D:4            Lair (1/5) D:8
    Orc (0/2) D:9

Altars:
Ashenzari
Cheibriados
Dithmenos
Elyvilon
Fedhas
Gozag
Hepliaklqana
Kikubaaqudgha
Makhleb
Nemelex Xobeh
Okawaru
Qazlal
Ru
Sif Muna
Trog
Uskayaw
Vehumet
Wu Jian
Xom
Yredelemnul
Zin
The Shining One
Beogh

Shops:
D:2 :   D:6 :   D:7 *   D:8 [   D:9 (

Annotations:
D:6 2 transporters, tinescath's ghost, novice TeAE
D:8 2 transporters, dirtblock2017's ghost, novice OpFi


Innate Abilities, Weirdness & Mutations

You can wield a second weapon in your off-hand.
It takes a long time for you to wield or remove held weapons.
Your first few attacks do less damage.
You cannot equip rings or amulets.


Message History

Aim: a yak (severely wounded, 80% to hit)
You shoot a sling bullet. The sling bullet hits the yak.
The sling bullet freezes the yak.
The yak is almost dead.
You shoot a sling bullet. The sling bullet hits the yak.
You kill the yak!
Okawaru accepts your kill. The basilisk gazes at you.
You are slowing down.
Fire: l) +2 sling (freeze) {Astrid}
Press: ? - help, Q - select action, (/) - cycle Shift-Dir - straight line, f - basilisk
Aim: a basilisk (heavily wounded, 67% to hit)
You shoot a sling bullet.
The sling bullet barely misses the basilisk.
You shoot a sling bullet. The sling bullet hits the basilisk.
The sling bullet freezes the basilisk.
The basilisk is severely wounded.
The basilisk bites you!
* * * LOW HITPOINT WARNING * * *
Your limbs are stiffening.
Unknown command.
You feel better. The basilisk barely misses you. The basilisk bites you.
You have turned to stone.
The basilisk bites you but does no damage.
The basilisk bites you.
* * * LOW HITPOINT WARNING * * *
The basilisk bites you.
* * * LOW HITPOINT WARNING * * *
The basilisk bites you but does no damage.
The basilisk bites you.
* * * LOW HITPOINT WARNING * * *
The basilisk bites you.
* * * LOW HITPOINT WARNING * * *
The basilisk bites you.
* * * LOW HITPOINT WARNING * * *
The basilisk bites you!
* * * LOW HITPOINT WARNING * * *
The basilisk bites you!
You die...

...........# ........#..###.
...............~ ...............≈
................ ................
.......l......# #...#.@.# #####
###.....### #.... ..
.#..#.........# #....
................## #....
.##.#P...##.#P..### #...P
.......#.PP.#P..#.# #...P
.......#..........# ##...#
..................##########....#
..........P.#...#..##............


You could see a basilisk.

Vanquished Creatures
  A boulder beetle (D:10)
  A two-headed ogre (D:10)
  A cyclops (D:9)
  5 centaur zombies (D:10)
  An unseen horror zombie (D:10)
  2 rime drakes
  16 yaks
  A meliai zombie (D:10)
  Edmund (D:5)
  An acid dragon (D:9)
  5 water moccasins
  9 orc warriors
  2 black bears
  6 ice beasts
  2 wolves (D:8)
  4 ogres
  A centaur (D:9)
  3 phantoms
  A weeping skull (D:10)
  4 kobold brigands
  A bullfrog (D:7)
  2 scorpions
  10 wights
  16 killer bees
  A howler monkey (D:6)
  2 bombardier beetles
  12 orc priests
  Crazy Yiuf (D:3)
  2 jellies (D:5)
  2 gnoll boudas
  4 hounds
  A human zombie (D:10)
  5 iguanas
  8 orc wizards
  A mummy (D:10)
  A howler monkey zombie (D:10)
  11 gnolls
  11 adders
  An ufetubus (D:7)
  3 dart slugs
  3 ribbon worms
  54 orcs
  9 ball pythons
  5 endoplasms
  3 giant cockroaches
  6 goblins
  6 hobgoblins
  4 jackals (D:2)
  32 kobolds
  3 quokkas
  3 bats
  4 frilled lizards
  3 rats
297 creatures vanquished.

Vanquished Creatures (others)
  An ufetubus (D:7)
1 creature vanquished.

Grand Total: 298 creatures vanquished

Notes
Turn   | Place    | Note
-------+----------+-------------------------------------------
     0 | D:1      | Biggs the Coglin Hunter began the quest for the Orb.
     0 | D:1      | Reached XP level 1. HP: 16/16 MP: 1/1
    60 | D:1      | Reached XP level 2. HP: 19/22 MP: 2/2
   593 | D:2      | Reached XP level 3. HP: 27/27 MP: 3/3
   608 | D:2      | Reached skill level 5 in Ranged Weapons
   608 | D:2      | Reached XP level 4. HP: 33/33 MP: 4/4
   706 | D:2      | Found Suacej's Book Boutique.
   845 | D:2      | Reached XP level 5. HP: 38/38 MP: 5/5
  1947 | D:3      | Found a runed translucent door.
  1948 | D:3      | Noticed Crazy Yiuf
  1954 | D:3      | Killed Crazy Yiuf
  1955 | D:3      | Reached XP level 6. HP: 44/44 MP: 6/6
  2154 | D:4      | Found a staircase to the Ecumenical Temple.
  2179 | Temple   | Entered the Ecumenical Temple
  2444 | D:4      | Reached XP level 7. HP: 50/50 MP: 7/7
  2693 | D:5      | Entered Level 5 of the Dungeon
  2782 | D:5      | Reached skill level 5 in Dodging
  3003 | D:5      | Reached XP level 8. HP: 29/56 MP: 8/8
  3176 | D:5      | Noticed Edmund
  3186 | D:5      | Killed Edmund
  3365 | D:5      | Got the Vellum of the Petrous Geodesic
  3800 | D:6      | Reached skill level 3 in Fighting
  3823 | D:6      | Found Pydigev's Book Shoppe.
  3896 | D:6      | Reached skill level 4 in Fighting
  3970 | D:6      | Found a transporter.
  3971 | D:6      | Noticed tinescath's ghost (novice TeAE)
  3999 | D:6      | Reached skill level 5 in Fighting
  4053 | D:6      | Found a blossoming altar of Fedhas.
  4119 | D:6      | Found a transporter.
  4276 | D:6      | Reached XP level 9. HP: 69/69 MP: 9/9
  4335 | D:7      | Reached skill level 6 in Fighting
  4348 | D:7      | Found a shimmering altar of Xom.
  4436 | D:7      | Reached skill level 7 in Fighting
  4516 | D:7      | Found Ohec's CLEARANCE SALE!.
  4530 | D:7      | Bought a scroll of enchant armour for 30 gold pieces
  4950 | D:8      | Reached skill level 8 in Fighting
  4956 | D:8      | Noticed a rime drake
  4978 | D:8      | Killed a rime drake
  4979 | D:8      | Reached skill level 9 in Fighting
  5396 | D:8      | Reached skill level 10 in Fighting
  5396 | D:8      | Reached XP level 10. HP: 85/85 MP: 10/10
  5727 | D:8      | Found an iron altar of Okawaru.
  5733 | D:8      | Noticed dirtblock2017's ghost (novice OpFi)
  5865 | D:8      | Reached skill level 11 in Fighting
  5923 | D:8      | Found a hazy altar of Hepliaklqana.
  5931 | D:8      | Found Dasygyrgha's Antique Armour Shop.
  5958 | D:8      | Became a worshipper of Warmaster Okawaru
  5960 | D:8      | Found a transporter.
  5973 | D:8      | Found a transporter.
  6073 | D:8      | Found a staircase to the Lair.
  6641 | D:8      | Found a roughly hewn altar of Beogh.
  6735 | D:9      | Found a hide-covered altar of Uskayaw.
  6799 | D:9      | Found Misom's Antique Weapon Boutique.
  6853 | D:9      | Reached * piety under Okawaru
  6860 | D:9      | Reached skill level 12 in Fighting
  7218 | D:9      | Found a roughly hewn altar of Beogh.
  7218 | D:9      | Found a staircase to the Orcish Mines.
  7494 | D:9      | Noticed a cyclops
  7501 | D:9      | Killed a cyclops
  7501 | D:9      | Reached ** piety under Okawaru
  7861 | D:10     | Entered Level 10 of the Dungeon
  7904 | D:10     | Noticed a boulder beetle
  7934 | D:10     | Killed a boulder beetle
  7934 | D:10     | Reached *** piety under Okawaru
  7935 | D:10     | Reached XP level 11. HP: 30/96 MP: 11/11
  8173 | D:10     | Noticed a two-headed ogre
  8185 | D:10     | Killed a two-headed ogre
  8185 | D:10     | Reached **** piety under Okawaru
  8562 | D:10     | Reached skill level 10 in Ranged Weapons
  8669 | D:10     | Found a basalt altar of Yredelemnul.
  8731 | D:10     | Reached ***** piety under Okawaru
  9128 | Lair:1   | Entered Level 1 of the Lair of Beasts
  9247 | Lair:1   | Received a gift from Okawaru
  9724 | Lair:1   | HP: 2/96 [basilisk (4)]
  9725 | Lair:1   | Slain by a basilisk

Illustrated notes

Levels and vault maps discovered:
D:1:      shiori_arrival_maze, layout_rooms, grunt_decor_junction,
          dreamdust_princess_bridge
D:2:      layout_loops_ring, serial_shops, shop
D:3:      layout_loops_corners, uniq_crazy_yiuf_cottage
D:4:      layout_basic, minmay_temple_entry_waves
D:5:      layout_basic, uniq_edmund
D:6:      layout_rooms, fedhas_altar_4, gammafunk_ghost_stat_death,
          serial_shops, shop
D:7:      layout_basic, xom_confusion_cloud, nicolae_shop_clearance
D:8:      layout_rooms, grunt_temple_overflow_open, hellmonk_lair_entry_icy,
          special_room [special_room_orc], serial_shops, shop,
          gammafunk_ghost_arena
D:9:      layout_basic, nicolae_uskayaw_dance_hall, david_orc_5, serial_shops,
          shop, hangedman_corner_corridor
D:10:     layout_small_grid, lemuel_mausoleum_altar_yredelemnul
Temple:   nicolae_temple_x_marks_the_god
Lair:1:   layout_gridlike, serial_bayou_pond_c, nicolae_lair_lakeside_cave,
          lemuel_fruit_fields

Skill      XL: |  1  2  3  4  5  6  7  8  9 10 11 |
---------------+----------------------------------+-----
Ranged Weapons | 4 5 6 8 11 | 11.6
Dodging        | 4 6 7 |  7.1
Fighting       | 5 10 12 | 12.7
Stealth        | |  0.7

Action                     |  1- 3 |  4- 6 |  7- 9 | 10-12 || total
---------------------------+-------+-------+-------+-------++-------
  Melee: Sling             |       |       |     2 |       ||     2
   Fire: Sling             |    90 |   268 |   562 |  1070 ||  1990
  Evoke: Wand              |       |       |       |     3 ||     3
    Use: Scroll            |       |       |     4 |     8 ||    12
         Potion            |       |       |       |     2 ||     2
 Armour: Leather armour    |     2 |    24 |    64 |   224 ||   314
  Dodge: Dodged            |     4 |    28 |    87 |   264 ||   383

Table legend: (Time is in decaauts)
 A = Elapsed time spent in this place.
 B = Non-inter-level travel time spent in this place.
 C = Inter-level travel time spent in this place.
 D = Time resting spent in this place.
 E = Time spent auto-exploring this place.
 F = Levels seen in this place.
 G = Mean time per level.
                   A        B        C        D        E       F      G
               +--------+--------+--------+--------+--------+-----+--------+
         Total |   9807 |   9414 |    393 |    290 |   7489 |  12 |  817.2 |
       Dungeon |   9217 |   8824 |    393 |    290 |   7043 |  10 |  921.7 |
        Temple |      1 |      1 |      0 |      0 |      0 |   1 |    1.0 |
          Lair |    588 |    588 |      0 |      0 |    446 |   1 |  588.0 |
               +--------+--------+--------+--------+--------+-----+--------+

Top non-repeatable levels by time:
     D:8: 1522 daAuts
    D:10: 1233 daAuts
     D:9: 1217 daAuts
     D:5: 1098 daAuts
     D:3: 920 daAuts
     D:7: 901 daAuts
     D:2: 611 daAuts
     D:1: 595 daAuts
     D:4: 594 daAuts
  Lair:1: 588 daAuts
     D:6: 522 daAuts
  Temple: 1 daAuts
